Description

Copied from YT guide

VOD

https://www.youtube.com/watch?v=Z0szkUNWE8o

Build Order

Get SALT Encoding   

  12  0:00  SCV  KEEP BUILDING
  14  0:17  Supply Depot  
  16  0:41  Barracks  
  16  0:45  Refinery  2 more SCV on Refinery
  19  1:31  Orbital Command  
  19  1:34  Barracks Reactor  MARINES!!
  19  1:42  Command Center  in Natural
  20  1:58  Supply Depot  
  21  2:10  Barracks x2  
  30  2:52  Orbital Command  
  30  2:55  Barracks Tech Lab x2  
  35  3:22  Stimpack  
  42  3:46  Combat Shield  
  40  3:33  Supply Depot  KEEP BUILDING with 2 SCVs
  62  4:46  Factory  
  62  4:47  Engineering Bay  -> UPGRADES
  74  5:20  Refinery x3  
  74  5:21  Terran Infantry Weapons Level 1  
  76  5:30  Action  20 Marine attack
  76  5:31  Barracks x2  
  87  5:55  Factory Reactor  
  87  5:56  Starport  USE Factory Reactor -> Medivac
  93  6:35  Factory Tech Lab  Tanks?
  130  7:15  Terran Infantry Armor Level 1  
  166  8:00  Action  Marine + Medivcac + Tank attack
Spawning Tool Build Advisor. Get it on Overwolf

Go to:

Details

  • Created by: MasterChief
  • Published on: Feb 03, 2025
  • Modified on: Feb 03, 2025
  • Patch: 5.0.11
  • Difficulty: Easy
Show
View Real Time Build Order
Export as new Build Order

Comments (3)

On Aug. 23, 2025, 11:59 p.m., HonestAbe132  said:

On June 19, 2025, 9:19 a.m., ghyslyn  said:

After checking the VOD even the VOD doesn't actually have a build order. This is just a super basic "how to play a basic style" vague video for beginners. Not an actual build that should be here.

On June 19, 2025, 9:05 a.m., ghyslyn  said:

Build order doesn't make sense. Follow the VOD to learn the right timings.

Create an account to comment!